 Dungeon Crawl Stone Soup version 0.27-a0-1301-g128193abf8 (webtiles) character file.

Game seed: 17586249026667276231

315 snetch the Magician (level 6, -2/40 HPs)
             Began as a Djinni Fire Elementalist on June 17, 2021.
             Was a Follower of Nemelex Xobeh.
             Slain by a wyvern skeleton (13 damage)
             ... on level 5 of the Dungeon.
             The game lasted 00:09:22 (2519 turns).

snetch the Magician (Djinni Fire Elementalist)      Turns: 2519, Time: 00:09:23

Health: -2/40      AC:  2    Str:  7    XL:     6   Next: 72%
Gold:   99         EV: 13    Int: 18    God:    Nemelex Xobeh [*.....] SH:  0 Dex: 14

rFire    + + +     SeeInvis .   n - staff of fire
rCold    x . .     Faith    .   (no shield)
rNeg     . . .     Spirit   .   a - +0 robe
rPois    ∞         Reflect  .   (no helmet)
rElec    .         Harm     .   (no cloak)
rCorr    .         Rampage  .   (no gloves)
Will     .....                  (boots unavailable)
Stlth    ++........             (no amulet)
HPRegen  0.13/turn              (no ring)
MPRegen  0.00/turn              (no ring)

@: flying
A: sickness immunity, fire resistance 2, cold vulnerability 1, float, innate
caster, hp casting, extra vitality 1
a: Renounce Religion, Draw Escape, Draw Destruction, Draw Summoning


You were on level 5 of the Dungeon.
You worshipped Nemelex Xobeh.
Nemelex Xobeh was aware of your devotion.
You visited 1 branch of the dungeon, and saw 5 of its levels.

You collected 99 gold pieces.

Inventory:

Hand Weapons
 c - a +0 dagger
 e - a +0 hand axe
Missiles
 b - 63 stones
 k - 44 sling bullets
 q - 14 bolts
 s - 16 arrows
Armour
 a - a +0 robe (worn)
 j - a +0 chain mail
Magical Staves
 n - a staff of fire (weapon)
Jewellery
 p - a +6 ring of dexterity
Scrolls
 f - a scroll of fog {unknown}
 h - a scroll of magic mapping {unknown}
 l - a scroll of torment {unknown}
 m - a scroll of immolation {unknown}
Potions
 d - 2 potions of flight {unknown}
 g - a potion of curing {unknown}
 i - a potion of attraction {unknown}
 o - a potion of brilliance {unknown}
 r - a potion of magic {unknown}


   Skills:
 + Level 0.1 Fighting
 + Level 2.9 Dodging
 + Level 2.3 Stealth
 + Level 5.0 Spellcasting


You couldn't memorise any spells.
You knew the following spells:

 Your Spells              Type           Power      Damage    Failure   Level
a - Foxfire               Conj/Fire      100%       2x1d9     1%          1
b - Conjure Flame         Conj/Fire      33%        6-21      4%          3
c - Inner Flame           Hex/Fire       33%        N/A       4%          3
d - Sticky Flame          Conj/Fire      33%        2d5       17%         4
e - Fireball              Conj/Fire      16%        3d8       43%         5
f - Corona                Hex            24%        N/A       1%          1
g - Static Discharge      Conj/Air       22%        N/A       2%          2
Your spell library was empty.

Dungeon Overview and Level Annotations

Branches:
Dungeon (5/15)
 Temple: D:4-7

Altars:
Fedhas
Nemelex Xobeh

Shops:
D:3 [


Innate Abilities, Weirdness & Mutations

You are immune to sickness and miasma.
You are immune to poison.
Your flesh is very heat resistant. (rF++)
You are vulnerable to cold. (rC-)
You float through the air rather than walking.
You learn spells naturally, not from books.
Your magical power is your life essence.
You have superior vitality. (+4 HP)


Message History

A mysterious force pulls you upwards. The hatch slams shut behind you.
Done exploring.
Done exploring.
You see here a +0 short sword.
There is an escape hatch in the floor here.
You fly downwards.
The hatch slams shut behind you.
Found 16 arrows.
You see here 16 arrows.
s - 16 arrows As you open the door, it creaks loudly!
There is an open door here.
Found a stone staircase leading down.
There is a stone staircase leading down here.
You fly downwards.
A wyvern skeleton comes into view.
Found 24 stones.
Found a stone staircase leading down.
There is a stone staircase leading up here.
Unknown command.
You feel a surge of power!
You conjure some foxfire!
The wyvern skeleton bites you!
You feel a surge of power!
You conjure some foxfire!
The wyvern skeleton bites you.
Unknown command.
Your foxfire dissipates!
The foxfire hits the wyvern skeleton!
The wyvern skeleton is moderately damaged.
The foxfire hits the wyvern skeleton!
The wyvern skeleton is heavily damaged.
You feel a surge of power!
You conjure some foxfire!
The wyvern skeleton bites you!
* * * LOW HITPOINT WARNING * * *
The wyvern skeleton bites you!
You die...
Your body glows slightly and disappears.

## ..
###.############
.......v....>...
#..#.#Z#
#....@v#
.(....##v# .###.
#.# # #.# #.#
#.. ###


You could see a wyvern skeleton (ally target).

Vanquished Creatures
  A phantom (D:4)
  A bullfrog (D:4)
  A hound (D:4)
  2 adders (D:4)
  A worm (D:2)
  A dart slug (D:2)
  9 bats
  8 endoplasms
  7 giant cockroaches
  3 goblins
  4 hobgoblins
  2 quokkas (D:1)
  3 ball pythons
  3 frilled lizards
  6 kobolds
52 creatures vanquished.

Vanquished Creatures (collateral kills)
  A black bear (D:4)
1 creature vanquished.

Vanquished Creatures (others)
  138 foxfires
138 creatures vanquished.

Grand Total: 191 creatures vanquished

Notes
Turn   | Place    | Note
-------+----------+-------------------------------------------
     0 | D:1      | snetch the Djinni Fire Elementalist began the quest for the
                  | Orb.
     0 | D:1      | Reached XP level 1. HP: 15/15 MP: 0/0
   150 | D:1      | Reached XP level 2. HP: 18/21 MP: 0/0
   460 | D:1      | Reached skill level 3 in Spellcasting
   506 | D:1      | You are sucked into a shaft and drop 1 floor!
   539 | D:2      | Reached XP level 3. HP: 22/25 MP: 0/0
   539 | D:2      | Learned a level 1 spell: Corona
  1444 | D:2      | Reached XP level 4. HP: 27/31 MP: 0/0
  1543 | D:3      | Found a faded altar of an unknown god.
  1553 | D:3      | Became a worshipper of Nemelex Xobeh the Trickster
  1553 | D:3      | Reached * piety under Nemelex Xobeh
  1570 | D:3      | Received a gift from Nemelex Xobeh
  1651 | D:3      | Found Viveacs's Armour Shoppe.
  1806 | D:3      | Found a blossoming altar of Fedhas.
  2071 | D:4      | Noticed a black bear
  2071 | D:4      | Noticed a phantom
  2077 | D:4      | Killed a phantom
  2078 | D:4      | Reached skill level 4 in Spellcasting
  2078 | D:4      | Reached XP level 5. HP: 26/35 MP: 0/0
  2078 | D:4      | Learned a level 2 spell: Static Discharge
  2082 | D:4      | Killed a black bear
  2083 | D:4      | Reached XP level 6. HP: 9/40 MP: 0/0
  2355 | D:4      | Reached skill level 5 in Spellcasting
  2515 | D:5      | Entered Level 5 of the Dungeon
  2519 | D:5      | Slain by a wyvern skeleton

Illustrated notes

Levels and vault maps discovered:
D:1:      dpeg_arrival_renting, layout_rooms, minmay_strange_pillars
D:2:      layout_rooms
D:3:      layout_rooms, nicolae_overflow_crystal_walls,
          hellmonk_ecumenical_altar_zigzags, serial_shops, shop
D:4:      layout_basic, lemuel_tele_altar, nicolae_ru_awakened_eye
D:5:      layout_basic, nicolae_vehumet_radiance, lemuel_doored_altar,
          st_stairs_14, nrook_campfire, minmay_between, uniq_ijyb,
          uniq_eustachio

Skill      XL: |  1  2  3  4  5  6 |
---------------+-------------------+-----
Spellcasting   | 3 4 5 |  5.0
Stealth        | 2 |  2.3
Fighting       | |  0.1
Dodging        | |  2.9

Action                   |  1- 3 |  4- 6 || total
-------------------------+-------+-------++-------
Melee: Staff             |       |     1 ||     1
 Cast: Foxfire           |    61 |    27 ||    88
Invok: Draw Destruction  |       |     4 ||     4
       Draw Summoning    |       |     1 ||     1
Armor: Robe              |     2 |     2 ||     4
Dodge: Dodged            |    10 |     4 ||    14

Table legend: (Time is in decaauts)
 A = Elapsed time spent in this place.
 B = Non-inter-level travel time spent in this place.
 C = Inter-level travel time spent in this place.
 D = Time resting spent in this place.
 E = Time spent auto-exploring this place.
 F = Levels seen in this place.
 G = Mean time per level.
                   A        B        C        D        E       F      G
               +--------+--------+--------+--------+--------+-----+--------+
         Total |   2526 |   2380 |    146 |      0 |   1894 |   5 |  505.2 |
       Dungeon |   2526 |   2380 |    146 |      0 |   1894 |   5 |  505.2 |
               +--------+--------+--------+--------+--------+-----+--------+

Top non-repeatable levels by time:
     D:1: 905 daAuts
     D:2: 616 daAuts
     D:3: 579 daAuts
     D:4: 422 daAuts
     D:5: 3 daAuts
